 Dungeon Crawl Stone Soup version 0.23.2-1-ga50397a6bc (webtiles) character file.

Game seed: 9104457362538802246

980 FluffierThanThou the Skirmisher (level 7, -4/56 HPs)
             Began as a Centaur Fighter on May 13, 2019.
             Slain by a wyvern (10 damage)
             ... on level 8 of the Dungeon on May 14, 2019.
             The game lasted 00:15:55 (5001 turns).

FluffierThanThou the Skirmisher (Centaur Fighter)   Turns: 5001, Time: 00:16:00

Health: -4/56      AC:  8    Str: 18 (21) XL:     7   Next: 96%
Magic:  7/7        EV:  6    Int:  5 (7)  God:
Gold:   227        SH:  8    Dex:  4 (6)  Spells: 6/6 levels left

rFire    . . .     SeeInvis .   a - +0 war axe
rCold    . . .     Gourm    .   c - +0 shield
rNeg     . . .     Faith    .   b - +0 scale mail
rPois    .         Spirit   .   s - +0 helmet
rElec    .         Reflect  .   (no cloak)
rCorr    .         Harm     .   (no gloves)
MR       .....                  (no barding)
Stlth    ..........             (no amulet)
HPRegen  0.18/turn              (no ring)
MPRegen  0.10/turn              (no ring)

@: very slightly contaminated, invisible, very quick
A: large, hooves 3, clumsy 1, deformed body, speed 2, frail 1, mutation
resistance 1, tough skin 3
a: no special abilities


You were on level 8 of the Dungeon.
You were not hungry.

You visited 1 branch of the dungeon, and saw 6 of its levels.

You collected 227 gold pieces.

Inventory:

Hand Weapons
 a - a +0 war axe (weapon)
 t - a +2 dagger of distortion
 B - a +3 blowgun
 D - a +2 short sword of freezing
Missiles
 C - 14 poisoned needles
Armour
 b - a +0 scale mail (worn)
 c - a +0 shield (worn)
 s - a +0 helmet (worn)
Scrolls
 e - 5 scrolls of teleportation {unknown}
 h - 2 scrolls of remove curse {unknown}
 k - 8 scrolls of identify {unknown}
 o - a scroll of blinking {unknown}
 p - 3 scrolls of enchant weapon {unknown}
 q - a scroll of random uselessness {unknown}
 u - a scroll of fear {unknown}
 v - a scroll of immolation {unknown}
 w - 2 scrolls of fog {unknown}
 y - a scroll of enchant armour {unknown}
Potions
 d - 4 potions of mutation
 i - 3 potions of curing
 j - 2 potions of haste {unknown}
 l - 2 potions of agility {unknown}
 m - 2 potions of degeneration
 n - 2 potions of magic {unknown}
 r - 3 potions of lignification {unknown}
 x - 2 potions of berserk rage {unknown}
 z - a potion of flight {unknown}
 A - a potion of brilliance {unknown}
Comestibles
 f - 8 rations


   Skills:
 * Level 6.0 Fighting
 + Level 3.7 Axes
 + Level 3.7 Armour
 + Level 2.4 Dodging
 + Level 3.5 Shields


You had 6 spell levels left.
You didn't know any spells.
Your spell library contained the following spells:

 Spells                   Type           Power        Failure   Level  Hunger
 Sting                    Conj/Pois      #...         99%         1    ##.....
 Poisonous Vapours        Pois/Air       #.....       100%        2    ###....
 Mephitic Cloud           Conj/Pois/Air  #.......     100%        3    ####...
 Olgreb's Toxic Radiance  Pois           #.......     100%        4    #####..
 Venom Bolt               Conj/Pois      #.........   100%        5    ######.


Dungeon Overview and Level Annotations

Branches:
Dungeon (5/15)
 Temple: D:4-7

Altars:
Elyvilon
Qazlal
Ru
Trog
Wu Jian
Yredelemnul
Zin

Annotations:
D:3 2 transporters


Innate Abilities, Weirdness & Mutations

You have hooves in place of feet.
Armour fits poorly on your strangely shaped body.
You cover ground very quickly.
You have extremely tough skin. (AC +3)
You are clumsy. (Dex -2)
You are frail. (-10% HP)
You are somewhat resistant to further mutation.


Message History

There is an open door here.
You barely miss the wyvern. Your kick misses the wyvern. The wyvern bites you.
You block the wyvern's attack.
You fade into invisibility!
You block the wyvern's attack. x2
You are very lightly contaminated with residual magic.
The wyvern bites you!
* * * LOW HITPOINT WARNING * * *
The hungry ghost hits you.
You feel a lot more hungry. You block the hungry ghost's attack.
There is an open door here.
Things that are here:
a +0 dagger; a +0 robe It was a potion of degeneration.
There was something very wrong with that liquid.
You feel weakened.
You feel dopey.
You feel clumsy. The wyvern bites you!
* * * LOW HITPOINT WARNING * * *
The wyvern bites you!
You die...

#....#........#
#....#........#
#....#........#
+....#........#
#....#..o....o#
###..# #...ยง.#
#######..########)#
#....#..).).......#
#....'....Wl@.....#
#....#............#
##########'########
..... ........
...........
...........
...........
.............


You could see a hungry ghost and a wyvern.

Vanquished Creatures
  Duvessa (D:5)
  An ogre (D:4)
  A big kobold (D:4)
  Dowan (D:5)
  A scorpion (D:4)
  A howler monkey (D:4)
  2 centaur zombies (D:5)
  2 hounds
  2 orc priests (D:8)
  A centaur skeleton (D:5)
  2 orc wizards (D:8)
  Jessica (D:3)
  Ijyb (D:3)
  Terence (D:2)
  12 adders
  3 oozes (D:3)
  2 worms
  2 dart slugs
  2 leopard geckos (D:1)
  7 orcs
  8 bats
  3 giant cockroaches
  9 goblins
  11 hobgoblins
  2 quokkas
  3 ball pythons (D:2)
  7 frilled lizards
  29 kobolds
  A leopard gecko skeleton (D:4)
  10 rats
  2 plants (D:4)
131 creatures vanquished.

Notes
Turn   | Place    | Note
-------+----------+-------------------------------------------
     0 | D:1      | FluffierThanThou the Centaur Fighter began the quest for
                  | the Orb.
     0 | D:1      | Reached XP level 1. HP: 19/19 MP: 1/1
   111 | D:1      | Reached XP level 2. HP: 6/26 MP: 2/2
   720 | D:1      | Reached XP level 3. HP: 26/31 MP: 3/3
   906 | D:2      | Noticed Terence
   917 | D:2      | Killed Terence
   919 | D:2      | Reached XP level 4. HP: 13/38 MP: 4/4
  1262 | D:2      | Found a white marble altar of Elyvilon.
  1704 | D:2      | Reached skill level 4 in Fighting
  1719 | D:2      | Reached XP level 5. HP: 36/46 MP: 5/5
  1850 | D:2      | Found a bloodstained altar of Trog.
  2147 | D:3      | Noticed Ijyb
  2187 | D:3      | Reached skill level 1 in Dodging
  2306 | D:3      | Found a sacrificial altar of Ru.
  2537 | D:3      | Found a transporter.
  2552 | D:3      | Found a transporter.
  2568 | D:3      | Noticed Jessica
  2571 | D:3      | Killed Jessica
  2571 | D:3      | Reached XP level 6. HP: 48/53 MP: 6/6
  2584 | D:3      | Found an ornate altar of the Wu Jian Council.
  2788 | D:3      | Killed Ijyb
  3170 | D:4      | Found a glowing silver altar of Zin.
  3242 | D:4      | Found a stormy altar of Qazlal.
  3242 | D:4      | Found a basalt altar of Yredelemnul.
  3436 | D:4      | Reached skill level 5 in Fighting
  3800 | D:4      | Reached XP level 7. HP: 44/61 MP: 7/7
  4210 | D:5      | Entered Level 5 of the Dungeon
  4570 | D:5      | Noticed Duvessa
  4571 | D:5      | Noticed Dowan
  4581 | D:5      | Gained mutation: You are frail. (-10% HP) [potion of
                  | mutation]
  4581 | D:5      | Gained mutation: You are clumsy. (Dex -2) [potion of
                  | mutation]
  4581 | D:5      | Gained mutation: You are somewhat resistant to further
                  | mutation. [potion of mutation]
  4592 | D:5      | Killed Duvessa
  4598 | D:5      | Killed Dowan
  4614 | D:5      | You fall through a shaft for 3 floors!
  4819 | D:8      | Reached skill level 6 in Fighting
  4975 | D:8      | Noticed a hungry ghost
  4975 | D:8      | Noticed a wyvern
  5001 | D:8      | Slain by a wyvern

Skill      XL: |  1  2  3  4  5  6  7 |
---------------+----------------------+-----
Axes           | 2 3 |  3.7
Fighting       | 4 5 6 |  6.0
Armour         | 3 |  3.7
Dodging        | 1 2 |  2.4
Shields        | 3 |  3.5

Action                   |  1- 3 |  4- 6 |  7- 9 || total
-------------------------+-------+-------+-------++-------
Melee: War axe           |   100 |   186 |    81 ||   367
       Kick              |    20 |    53 |    21 ||    94
       Unarmed           |       |     1 |       ||     1
  Use: Potion            |     1 |       |     5 ||     6
  Eat: Chunk             |       |     4 |     3 ||     7
       Ration            |       |     1 |     1 ||     2
Armor: Scale mail        |    63 |    88 |    41 ||   192
Dodge: Dodged            |    29 |    53 |    21 ||   103
Block: Shield            |    64 |    83 |    39 ||   186
